 Dungeon Crawl Stone Soup version 0.21.1-1-g345015f (webtiles) character file.

53 theblackcape the Fighter (level 3, -2/44 HPs)
             Began as a Gnoll Wanderer on June 10, 2018.
             Slain by an adder (4 damage)
             ... on level 2 of the Dungeon.
             The game lasted 00:06:02 (1038 turns).

theblackcape the Fighter (Gnoll Wanderer)           Turns: 1038, Time: 00:06:02

Health: -2/44      AC:  2    Str: 14    XL:     3   Next: 89%
Magic:  4/4        EV: 12    Int: 13    God:
Gold:   44         SH:  0    Dex: 16    Spells: 4/4 levels left

rFire    . . .     SeeInvis .   j - +0 dagger
rCold    . . .     Gourm    .   (no shield)
rNeg     . . .     Faith    .   f - +0 robe
rPois    .         Spirit   .   (no helmet)
rElec    .         Reflect  .   (no cloak)
rCorr    .         Harm     .   (no gloves)
MR       .....                  (no boots)
Stlth    ++........             (no amulet)
HPRegen  0.14/turn              (no ring)
MPRegen  0.09/turn              (no ring)

@: lethally poisoned (-2 -> -3)
A: distributed training, fangs 1, strong nose
a: no special abilities


You were on level 2 of the Dungeon.
You were hungry.

You visited 1 branch of the dungeon, and saw 2 of its levels.

You collected 44 gold pieces.

Inventory:

Hand Weapons
 b - a +2 blowgun
 d - a +0 shortbow
 j - a +0 dagger (weapon)
Missiles
 a - 12 curare-tipped needles
 e - 36 arrows
Armour
 f - a +0 robe (worn)
Scrolls
 h - a scroll of immolation {unknown}
 k - 2 scrolls of noise {unknown}
 l - 2 scrolls of remove curse {unknown}
 m - 3 scrolls of enchant armour {unknown}
 n - a scroll of identify {unknown}
 o - a scroll of amnesia {unknown}
Potions
 c - 3 potions of curing
 i - a potion of heal wounds {unknown}
Comestibles
 g - 3 rations


   Skills:
 + Level 12.0 Fighting
 + Level 1.0 Short Blades
 + Level 1.0 Long Blades
 + Level 1.0 Axes
 + Level 1.0 Maces & Flails
 + Level 1.0 Polearms
 + Level 1.0 Staves
 + Level 1.0 Slings
 + Level 2.6 Bows
 + Level 1.0 Crossbows
 + Level 2.6 Throwing
 + Level 2.6 Armour
 + Level 1.0 Dodging
 + Level 1.0 Stealth
 + Level 2.6 Shields
 + Level 1.0 Unarmed Combat
 + Level 1.0 Spellcasting
 + Level 0.7 Conjurations
 + Level 0.7 Hexes
 + Level 0.7 Charms
 + Level 0.7 Summonings
 + Level 0.7 Necromancy
 + Level 0.7 Translocations
 + Level 0.7 Transmutations
 + Level 0.7 Fire Magic
 + Level 0.7 Ice Magic
 + Level 0.7 Air Magic
 + Level 0.7 Earth Magic
 + Level 0.7 Poison Magic
 + Level 1.0 Invocations
 + Level 1.0 Evocations


You had 4 spell levels left.
You didn't know any spells.

Dungeon Overview and Level Annotations

Branches:
Dungeon (2/15)

Altars:


Innate Abilities, Weirdness & Mutations

Your experience applies equally to all skills.
You have very sharp teeth.
Your uncanny sense of smell can sniff out nearby items.


Message History

Your Staves skill increases to level 1!
Your Slings skill increases to level 1!
Your Crossbows skill increases to level 1!
Your Dodging skill increases to level 1!
Your Stealth skill increases to level 1!
Your Unarmed Combat skill increases to level 1!
Your Spellcasting skill increases to level 1!
Your Evocations skill increases to level 1!
The adder bites you.
* * * LOW HITPOINT WARNING * * *
You hit the adder. Your bite misses the adder.
The adder is moderately wounded.
The adder bites you.
* * * LOW HITPOINT WARNING * * *
You are poisoned.
The adder poisons you!
You closely miss the adder. You bite the adder.
The adder is heavily wounded.
* * * LOW HITPOINT WARNING * * *
You feel sick. The adder bites you.
You die...

...###.........<.....#
#.>................
...##............#
#.#.........<#
###.#..........#
#...#.....g....#
#.#.......<รท...#
..........###.#####.#
......######...S@...#
....... #..#######
...##### #..# ...
..... ... ......
....S.?. .........
.......


You could see an adder.

Vanquished Creatures
  2 oozes (D:1)
  A dart slug (D:1)
  3 bats
  7 giant cockroaches
  3 goblins
  4 hobgoblins
  6 jackals
  6 kobolds
  A ball python (D:2)
  2 rats (D:1)
35 creatures vanquished.

Notes
Turn   | Place    | Note
-------+----------+-------------------------------------------
     0 | D:1      | Reached skill level 12 in Fighting
     0 | D:1      | theblackcape the Gnoll Wanderer began the quest for the Orb.
     0 | D:1      | theblackcape set off with: 4 curare-tipped needles, a +2 blowgun, a potion of curing, a +0 shortbow, 25 arrows, a +0 robe, a ration
     0 | D:1      | Reached XP level 1. HP: 31/31 MP: 1/1
   113 | D:1      | Reached XP level 2. HP: 38/38 MP: 2/2
   462 | D:1      | Reached XP level 3. HP: 25/44 MP: 3/3
   891 | D:1      | Reached skill level 1 in Invocations
  1036 | D:2      | Reached skill level 1 in Short Blades
  1036 | D:2      | Reached skill level 1 in Long Blades
  1036 | D:2      | Reached skill level 1 in Axes
  1036 | D:2      | Reached skill level 1 in Maces & Flails
  1036 | D:2      | Reached skill level 1 in Polearms
  1036 | D:2      | Reached skill level 1 in Staves
  1036 | D:2      | Reached skill level 1 in Slings
  1036 | D:2      | Reached skill level 1 in Crossbows
  1036 | D:2      | Reached skill level 1 in Dodging
  1036 | D:2      | Reached skill level 1 in Stealth
  1036 | D:2      | Reached skill level 1 in Unarmed Combat
  1036 | D:2      | Reached skill level 1 in Spellcasting
  1036 | D:2      | Reached skill level 1 in Evocations
  1038 | D:2      | HP: 2/44 [poisoned by an adder]
  1038 | D:2      | Slain by an adder

Skill      XL: |  1  2  3 |
---------------+----------+-----
Fighting       | | 12.0
Invocations    | 1 |  1.0
Short Blades   | 1 |  1.0
Long Blades    | 1 |  1.0
Axes           | 1 |  1.0
Maces & Flails | 1 |  1.0
Polearms       | 1 |  1.0
Staves         | 1 |  1.0
Slings         | 1 |  1.0
Crossbows      | 1 |  1.0
Dodging        | 1 |  1.0
Stealth        | 1 |  1.0
Unarmed Combat | 1 |  1.0
Spellcasting   | 1 |  1.0
Evocations     | 1 |  1.0
Bows           | |  2.6
Throwing       | |  2.6
Armour         | |  2.6
Shields        | |  2.6
Conjurations   | |  0.7
Hexes          | |  0.7
Charms         | |  0.7
Summonings     | |  0.7
Necromancy     | |  0.7
Translocations | |  0.7
Transmutations | |  0.7
Fire Magic     | |  0.7
Ice Magic      | |  0.7
Air Magic      | |  0.7
Earth Magic    | |  0.7
Poison Magic   | |  0.7

Action                   || total
-------------------------++-------
Melee: Unarmed           ||     6
       Dagger            ||   181
       Bite              ||    19
       Punch             ||     4
 Fire: Shortbow          ||    12
 Stab: Sleeping          ||     5
Armor: Robe              ||    59
Dodge: Dodged            ||   116
